 Dungeon Crawl Stone Soup version 0.20-a0-893-g832831a (webtiles) character file.

245 Rrauwl the Digger (level 5, 0/66 HPs)
             Began as a Deep Dwarf Earth Elementalist on Mar 18, 2017.
             Killed by nerve-wracking pain
             ... invoked by Grinder
              (11 damage)
             ... on level 4 of the Dungeon.
             The game lasted 00:21:31 (3010 turns).

Rrauwl the Digger (Deep Dwarf Earth Elementalist)   Turns: 3010, Time: 00:21:32

Health: 0/66       AC:  6    Str: 16    XL:     5   Next: 83%
Magic:  10/17      EV: 13    Int: 17    God:
Gold:   150        SH:  0    Dex: 15    Spells: 2/8 levels left

rFire    . . .     SeeInvis .   p - +0 war axe
rCold    . . .     Gourm    .   c - +0 robe
rNeg     . . .     Faith    .   (no shield)
rPois    +         Spirit   .   (helmet restricted)
rElec    .         Reflect  .   j - +1 cloak
rCorr    .         Harm     .   a - +1 pair of gloves
MR       +....                  (no boots)
Stlth    ..........             (no amulet)
Regen    0.0/turn               (no ring)
MPRegen  0.2/turn               i - ring of magical power

@: berserking (expiring), non-regenerating, very quick
A: damage resistance, heal wounds, horns 1, agile 1, magic resistance 1, sense
surroundings 1, poison resistance, no regeneration
a: Heal Wounds


You were on level 4 of the Dungeon.
You were not hungry.

You visited 1 branch of the dungeon, and saw 4 of its levels.

You collected 150 gold pieces.

Inventory:

Hand Weapons
 p - a +0 war axe (weapon)
Missiles
 b - 43 stones (quivered)
Armour
 a - a +1 pair of gloves (worn)
 c - a +0 robe (worn)
 j - a +1 cloak (worn)
Jewellery
 i - a ring of magical power (left hand)
Scrolls
 f - a scroll of identify
 g - 2 scrolls of remove curse
Potions
 h - 2 potions of might
 n - a potion of lignification
Books
 e - a book of Geomancy

   Spells                             Type                      Level
   a - Sandblast                      Earth                        1
   b - Passwall                       Transmutation/Earth          2
   c - Stone Arrow                    Conjuration/Earth            3
   d - Petrify                        Transmutation/Earth          4
   e - Lee's Rapid Deconstruction     Earth                        5
Comestibles
 d - 4 bread rations
 k - a royal jelly
 m - a meat ration
 o - 7 chunks of flesh


   Skills:
 + Level 1.4 Fighting
 + Level 0.4 Axes
 + Level 2.1 Armour
 + Level 3.2 Dodging
 - Level 3.0 Stealth
 - Level 2.0 Spellcasting
 + Level 1.5 Conjurations
 + Level 1.8 Transmutations
 + Level 5.4 Earth Magic


You had 2 spell levels left.
You knew the following spells:

 Your Spells              Type           Power        Failure   Level  Hunger
a - Sandblast             Erth           ###...       2%          1    #......
b - Passwall              Tmut/Erth      ##........   10%         2    ###....
c - Stone Arrow           Conj/Erth      ##....       14%         3    ###....


Dungeon Overview and Level Annotations

Branches:
Dungeon (4/15)
 Temple: D:4-7

Altars:

Shops:
D:4 *

Annotations:
D:4 Blork the orc, Grinder


Innate Abilities, Weirdness & Mutations

You are resistant to damage.
You can heal yourself by infusing magical energy.
You passively map a small area around you.
You do not regenerate.
You have a pair of small horns on your head.
You are agile. (Dex +2)
You are resistant to hostile enchantments. (MR+)
Your system is resistant to poisons. (rPois)


Message History

Grinder is heavily wounded.
Grinder hits you.
You barely miss Grinder. Your headbutt misses Grinder.
Grinder is heavily wounded.
Grinder blinks!
You barely miss Grinder.
Grinder is heavily wounded.
Grinder gestures at you. You resist with almost no effort.
You slash Grinder!
Grinder is severely wounded.
Grinder closely misses you.
You closely miss Grinder. You headbutt Grinder.
Grinder is severely wounded.
Grinder barely misses you.
You closely miss Grinder. You headbutt Grinder.
Grinder is almost dead.
Grinder gestures at you. Pain shoots through your body!
You die...

#.##.##.#.......#........
##.#.....#...#># ## ....,
......>.......#.#, ,,
###.#.##8###....#, , *
#.#.##.####.#.# ** , #
#.8.∩.8.#.# #, * *
#.##.#..#.# ,,
#.##8#.##.# ,, *
#...!.@##.### ,
#.<....5....# ,
#.......#.#.# , , *
####+####.#...,, , ###
#.# * , .# , , * , . * ,
, , #* , *


You could see Grinder.

Vanquished Creatures
  A bullfrog (D:3)
  An iguana (D:4)
  6 adders
  3 oozes
  An adder skeleton (D:4)
  A worm (D:3)
  4 dart slugs
  A leopard gecko (D:3)
  6 orcs (D:3)
  A ball python (D:4)
  6 bats
  7 giant cockroaches
  6 hobgoblins
  2 jackals (D:2)
  6 kobolds
  A quokka (D:2)
  3 frilled lizards
  8 goblins
  11 rats
75 creatures vanquished.

Notes
Turn   | Place    | Note
-------+----------+-------------------------------------------
     0 | D:1      | Rrauwl the Deep Dwarf Earth Elementalist began the quest for the Orb.
     0 | D:1      | Reached XP level 1. HP: 15/15 MP: 3/3
   121 | D:1      | Reached XP level 2. HP: 11/22 MP: 1/4
   578 | D:1      | Reached XP level 3. HP: 14/28 MP: 3/6
   756 | D:1      | Reached skill level 1 in Armour
   911 | D:1      | Learned a level 2 spell: Passwall
   915 | D:1      | Learned a level 3 spell: Stone Arrow
  1102 | D:2      | Reached skill level 1 in Transmutations
  1112 | D:2      | Gained mutation: You tend to lose your temper in combat. [potion of mutation]
  1112 | D:2      | Gained mutation: You have a pair of small horns on your head. [potion of mutation]
  1112 | D:2      | Gained mutation: You are clumsy. (Dex -2) [potion of mutation]
  1112 | D:2      | Gained mutation: You are resistant to hostile enchantments. (MR+) [potion of mutation]
  1113 | D:2      | Lost mutation: You are clumsy. (Dex -2) [potion of mutation]
  1113 | D:2      | Lost mutation: You tend to lose your temper in combat. [potion of mutation]
  1113 | D:2      | Gained mutation: Your system is resistant to poisons. (rPois) [potion of mutation]
  1113 | D:2      | Gained mutation: You are agile. (Dex +2) [potion of mutation]
  1366 | D:2      | Reached XP level 4. HP: 36/36 MP: 7/7
  1743 | D:2      | Reached skill level 1 in Conjurations
  1743 | D:2      | Reached skill level 5 in Earth Magic
  1937 | D:3      | Noticed a bullfrog
  1944 | D:3      | Killed a bullfrog
  1944 | D:3      | Reached skill level 1 in Fighting
  1944 | D:3      | Reached XP level 5. HP: 35/44 MP: 7/8
  2862 | D:4      | Noticed Blork the orc
  2896 | D:4      | Found Qeck's General Store.
  2996 | D:4      | Noticed Grinder
  3010 | D:4      | Killed from afar by Grinder

Vault maps used:
D:1:      mrwooster_arrival_arrow, minmay_misc_feat_nine_boxes
D:3:      hangedman_feature_mirror, glass_columns_a, kennysheep_generic_room_9
D:4:      gammafunk_temple_overflow_pools, grunt_gozag_statues, serial_shops,
          nicolae_shop_statue_plus, uniq_blork_the_orc, uniq_grinder

Skill      XL: |  1  2  3  4  5 |
---------------+----------------+-----
Spellcasting   | 2 |  2.0
Armour         | 1 2 |  2.1
Stealth        | 3 |  3.0
Transmutations | 1 |  1.8
Conjurations   | 1 |  1.5
Earth Magic    | 5 |  5.4
Fighting       | 1 |  1.4
Dodging        | 3 |  3.2
Axes           | |  0.4

Action                   |  1- 3 |  4- 6 || total
-------------------------+-------+-------++-------
Melee: Unarmed           |    23 |     2 ||    25
       War axe           |       |     7 ||     7
       Headbutt          |       |     2 ||     2
 Cast: Sandblast         |    44 |    52 ||    96
       Stone Arrow       |     1 |    21 ||    22
  Use: Scroll            |     3 |     3 ||     6
       Potion            |     5 |     6 ||    11
 Stab: Sleeping          |     6 |     2 ||     8
  Eat: Royal jelly       |     1 |       ||     1
       Chunk             |       |     9 ||     9
Armor: Robe              |     4 |     2 ||     6
Dodge: Dodged            |    16 |    12 ||    28
